 Dungeon Crawl Stone Soup version 0.30-a0-586-g23e55c9e0a (webtiles) character file.

Game seed: 14198979084683417310

9951 OTABOTABOTAB the Martial Artist (level 11, -7/100 HPs)
             Began as a Gnoll Transmuter on Jan 4, 2023.
             Was a Follower of Sif Muna.
             Mangled by a polar bear (9 damage)
             ... while petrified by a basilisk
             ... on level 1 of the Lair of Beasts.
             The game lasted 00:26:00 (11577 turns).

OTABOTABOTAB the Martial Artist (Gnoll Transmuter) Turns: 11577, Time: 00:26:00

Health: -7/100     AC: 11    Str:  9    XL:     11   Next: 54%
Magic:  21/23      EV:  1    Int: 13    God:    Sif Muna [*.....]
Gold:   448        SH:  0    Dex: 19    Spells: 16/26 levels left

rFire   x . .      SeeInvis .      - Unarmed
rCold   + + +      Faith    .    (shield currently unavailable)
rNeg    + + +      Spirit   .    (body armour currently unavailable)
rPois   ∞          Reflect  .    (helmet currently unavailable)
rElec   +          Harm     .    (cloak currently unavailable)
rCorr   +          Rampage  .    (gloves currently unavailable)
Will    .....                    (boots currently unavailable)
Stlth   ++++                     i - amulet of the acrobat
HPRegen 0.36/turn                A - +4 ring of protection
MPRegen 0.18/turn                b - ring of Ekegun {rElec rPois rCorr Int-4 Dex+6}

@: ice-form, petrified, wereblooded
A: freezing attack, amphibious, boosted hp, large, (fangs 1), strong nose,
distributed training
a: End Transformation, Renounce Religion, Channel Magic


You were on level 1 of the Lair of Beasts.
You worshipped Sif Muna.
Sif Muna was aware of your devotion.
You were a creature of crystalline ice.
You visited 3 branches of the dungeon, and saw 12 of its levels.

You collected 618 gold pieces.
You spent 170 gold pieces at shops.

Inventory:

Hand Weapons
 o - a +0 quick blade
   (You found it on level 2 of the Dungeon)
Missiles
 h - 2 atropa-tipped darts
 s - 59 stones
 x - 2 silver javelins
 z - 29 poisoned darts
 M - a curare-tipped dart
Armour
 a - a +0 robe (melded)
 e - a +0 pair of boots (melded)
   (You found it on level 1 of the Dungeon)
 f - a +0 pair of gloves (melded)
   (You found it on level 1 of the Dungeon)
 l - a +0 helmet (melded)
   (You found it on level 4 of the Dungeon)
 w - a +0 cloak (melded)
   (You found it on level 3 of the Dungeon)
Jewellery
 b - the ring of Ekegun (right front paw) {rElec rPois rCorr Int-4 Dex+6}
   (You acquired it on level 6 of the Dungeon)

   [ring of resist corrosion]

   Int:       It affects your intelligence (-4).
   Dex:       It affects your dexterity (+6).
   rElec:     It insulates you from electricity.
   rPois:     It protects you from poison.
   rCorr:     It protects you from acid and corrosion.
 i - an amulet of the acrobat (around neck)
   (You found it on level 7 of the Dungeon)
 A - a +4 ring of protection (left front paw)
   (You found it on level 1 of the Dungeon)
 C - a ring of protection from cold {rC+, !d}
   (You found it on level 2 of the Dungeon)
 E - the amulet "Caerup" {Reflect Harm *Corrode rN++ Will+ SH+5}
   (You found it on level 7 of the Dungeon)

   [amulet of reflection]

   It reflects blocked missile attacks.
   rN:        It greatly protects you from negative energy.
   *Corrode:  It may corrode you when you take damage.
   SH:        It affects your SH (+5).
   Harm:      It increases damage dealt and taken.
   Will:      It increases your willpower.
 G - an amulet of magic regeneration
   (You took it off a centaur on level 9 of the Dungeon)
 K - an amulet of guardian spirit
   (You took it off a goblin on level 4 of the Dungeon)
 X - a ring of resist corrosion
   (You found it on level 10 of the Dungeon)
Wands
 d - a wand of digging (6)
   (You took it off Crazy Yiuf on level 3 of the Dungeon)
 p - a wand of paralysis (3)
   (You found it on level 10 of the Dungeon)
 t - a wand of roots (1)
   (You found it on level 9 of the Dungeon)
 y - a wand of mindburst (4)
   (You found it on level 2 of the Dungeon)
Scrolls
 j - a scroll of vulnerability {unknown}
 k - 6 scrolls of enchant armour
 m - 3 scrolls of brand weapon
 n - 4 scrolls of immolation {unknown}
 q - 2 scrolls of fear {unknown}
 r - 3 scrolls of magic mapping {@r4!r}
 u - a scroll of fog {unknown}
 D - 2 scrolls of blinking {!r}
 F - a scroll of poison {!r}
 L - 3 scrolls of identify {@r1}
 O - a scroll of silence
 Q - a scroll of torment {unknown}
 Y - 6 scrolls of teleportation {@r3}
Potions
 c - 5 potions of degeneration {!q}
 v - 2 potions of attraction {!q}
 B - 2 potions of brilliance
 H - a potion of haste
 I - 3 potions of invisibility
 J - 12 potions of curing {@q1}
 N - 3 potions of flight {unknown}
 P - a potion of lignification {!q}
 R - a potion of resistance
 T - 2 potions of berserk rage {!q}
 U - 5 potions of mutation {!q}
Miscellaneous
 g - a tin of tremorstones (2/2)
   (You found it on level 9 of the Dungeon)


   Skills:
 + Level 7.2 Fighting
 + Level 6.6 Short Blades
 + Level 6.6 Long Blades
 + Level 6.6 Axes
 + Level 6.6 Maces & Flails
 + Level 6.6 Polearms
 + Level 6.6 Staves
 + Level 6.6 Ranged Weapons
 + Level 6.6 Throwing
 + Level 6.6 Armour
 + Level 8.1 Dodging
 + Level 6.6 Stealth
 + Level 6.6 Shields
 + Level 9.4 Unarmed Combat
 + Level 8.4 Spellcasting
 + Level 5.5 Conjurations
 + Level 5.5 Hexes
 + Level 5.5 Summonings
 + Level 5.5 Necromancy
 + Level 5.5 Translocations
 + Level 6.8 Transmutations
 + Level 5.5 Fire Magic
 + Level 5.5 Ice Magic
 + Level 5.5 Air Magic
 + Level 5.5 Earth Magic
 + Level 5.5 Poison Magic
 + Level 7.3 Invocations
 + Level 6.6 Evocations


You had 16 spell levels left.
You knew the following spells:

 Your Spells              Type           Power      Damage    Failure   Level
a - Beastly Appendage     Tmut           46%        N/A       1%          1
b - Wereblood             Tmut           23%        N/A       1%          2
c - Spider Form           Tmut/Pois      21%        N/A       3%          3
d - Ice Form              Ice/Tmut       21%        N/A       11%         4

Your spell library contained the following spells:

 Spells                   Type           Power      Damage    Failure   Level
 Apportation              Tloc           38%        N/A       1%          1
 Necrotise                Necr           76%        1d7       1%          1
 Summon Small Mammal      Summ           76%        N/A       1%          1
 Gell's Gravitas          Tloc           19%        N/A       4%          3
 Teleport Other           Tloc           19%        N/A       4%          3
 Fireball                 Conj/Fire      9%         3d6       36%         5
 Iskenderun's Battlesphe  Conj           19%        2d7       36%         5
 Conjure Ball Lightning   Conj/Air       9%         3x3d6     91%         6
 Dispersal                Tloc           9%         N/A       91%         6
 Orb of Destruction       Conj           9%         9d6       100%        7


Dungeon Overview and Level Annotations

Branches:
Dungeon (10/15)            Temple (1/1) D:6            Lair (1/5) D:9
    Orc: D:9-12

Altars:
Ashenzari
Cheibriados
Dithmenos
Elyvilon
Fedhas
Gozag
Hepliaklqana
Kikubaaqudgha
Makhleb
Nemelex Xobeh
Okawaru
Qazlal
Ru
Sif Muna
Trog
Uskayaw
Vehumet
Wu Jian
Xom
Yredelemnul
Zin
The Shining One

Shops:
D:3 ?(([


Innate Abilities, Weirdness & Mutations

You are a creature of crystalline ice.
You have a powerful freezing melee attack.
You are amphibious.
Your maximum health is increased.
You are immune to poison.
Your armour is entirely melded.
You are incapable of wielding weapons or throwing items.
((You have very sharp teeth.))
Your uncanny sense of smell can sniff out nearby items.
Your experience applies equally to all skills.


Message History

The wolf completely misses you. The polar bear closely misses you.
The polar bear claws you but does no damage. x2
You hit the wolf. You freeze the wolf.
You feel a bit better.
You kill the wolf!
Sif Muna accepts your kill. The polar bear barely misses you.
The polar bear misses you.
The polar bear claws you but does no damage.
You regained 4 hp, and now have 90/100 hp.
You punch the polar bear! You freeze the polar bear.
You hit the polar bear but do no damage.
The basilisk gazes at you. You resist with some effort.
The polar bear bites you! The polar bear barely misses you.
The polar bear claws you but does no damage.
Unknown command.
You take 12 damage, and have 78/100 hp.
You punch the polar bear! You freeze the polar bear.
The polar bear closely misses you. x2; The polar bear misses you.
The basilisk gazes at you. You resist with some effort.
You hit the polar bear. The polar bear misses you.
The polar bear claws you but does no damage.
The polar bear claws you.
You take 1 damage, and have 78/100 hp.
You punch the polar bear! You freeze the polar bear. The basilisk gazes at you.
You are slowing down.
The polar bear bites you but does no damage.
The polar bear claws you but does no damage. x2
You closely miss the basilisk. The basilisk gazes at you.
You resist with some effort.
The polar bear goes berserk!
Your limbs are stiffening.
You punch the basilisk!
The basilisk seems to slow down.
You freeze the basilisk.
A wolf comes into view.
The polar bear bites you!
The polar bear claws you but does no damage. x2
The basilisk gazes at you.
Your limbs have turned to stone.
The polar bear closely misses you. The polar bear claws you.
The polar bear barely misses you.
You have turned to stone.
The polar bear bites you!
The polar bear claws you but does no damage.
The polar bear claws you.
The basilisk is no longer moving slowly.
The polar bear bites you!
The polar bear claws you but does no damage. x2
The basilisk bites you! The polar bear bites you!
The polar bear claws you but does no damage.
The polar bear claws you.
A wolf comes into view.
The polar bear bites you.
The polar bear claws you but does no damage. x2
The basilisk bites you.
You howl as the wereblood boils in your veins!
The wolf howls! x2; You hear a howl!
The polar bear bites you!
The polar bear claws you but does no damage.
The polar bear completely misses you. The basilisk bites you!
The polar bear bites you but does no damage.
The polar bear claws you but does no damage.
The polar bear claws you. The wolf bites you but does no damage.
The polar bear bites you.
The polar bear claws you but does no damage.
The polar bear claws you.
* * * LOW HITPOINT WARNING * * *
The basilisk bites you!
* * * LOW HITPOINT WARNING * * *
The wolf bites you but does no damage. The polar bear bites you.
* * * LOW HITPOINT WARNING * * *
The polar bear claws you.
* * * LOW HITPOINT WARNING * * *
The polar bear claws you but does no damage.
The wolf barely misses you.
The basilisk bites you but does no damage.
The polar bear completely misses you. The polar bear claws you.
The polar bear claws you but does no damage.
The wolf bites you!
* * * LOW HITPOINT WARNING * * *
The polar bear bites you!
* * * LOW HITPOINT WARNING * * *
The polar bear claws you but does no damage. x2
The wolf bites you.
* * * LOW HITPOINT WARNING * * *
The basilisk bites you but does no damage.
The wolf bites you.
* * * LOW HITPOINT WARNING * * *
The wolf bites you but does no damage. The polar bear barely misses you.
The polar bear claws you.
* * * LOW HITPOINT WARNING * * *
The polar bear claws you.
* * * LOW HITPOINT WARNING * * *
The wolf bites you but does no damage. The basilisk gazes at you.
You resist with some effort.
The wolf bites you but does no damage. x2
The polar bear bites you!!
You die...

##P.#....#......#...#
....#....+......#...#
.....h..l.#......+...##
.................#....#
...#.....#..h........#...##
...#.....#....#..........#
...#.#.P #....#..........#
..............#.lh...#...##
..............##Y#.##.....#
..............hhhh.......##
.........................#
# #.P#..............## #
#.....#.#PP#...P# #
#......#........## #
##..............# #
......#......#.## #
...............#


You could see a polar bear (berserk), a basilisk and 4 wolves.

Vanquished Creatures
  A two-headed ogre (D:8)
  An ugly thing (D:9)
  2 kobold demonologists (D:9)
  2 komodo dragons (Lair:1)
  2 trolls
  A polar bear (Lair:1)
  A shadow (D:10)
  A wyvern (D:9)
  8 yaks
  A wraith (D:10)
  2 steam dragons
  2 vampire mosquitoes (D:10)
  Menkaure (D:6)
  An acid dragon (D:9)
  Edmund (D:6)
  3 water moccasins
  A sky beast (D:7)
  2 orc warriors (D:9)
  3 black bears
  An ice beast (D:7)
  An ogre (D:4)
  4 wolves (Lair:1)
  6 centaurs
  3 kobold brigands
  A phantom (D:7)
  A necrophage (D:6)
  7 bullfrogs
  A gnoll sergeant (D:10)
  A scorpion (D:7)
  11 wights
  16 killer bees
  5 hounds
  6 jellies
  3 orc priests
  Crazy Yiuf (D:3)
  An iguana (D:4)
  7 orc wizards
  4 adders
  4 gnolls (D:10)
  A shadow imp (D:5)
  2 white imps
  An ufetubus (D:4)
  4 dart slugs
  20 orcs
  10 ball pythons
  4 endoplasms
  6 giant cockroaches
  3 goblins
  3 hobgoblins
  2 jackals (D:3)
  5 quokkas
  7 bats
  2 frilled lizards (D:1)
  20 kobolds
  3 rats (D:1)
213 creatures vanquished.

Vanquished Creatures (others)
  29 fungi (D:9)
  32 plants
61 creatures vanquished.

Grand Total: 274 creatures vanquished

Notes
Turn   | Place    | Note
-------+----------+-------------------------------------------
     0 | D:1      | OTABOTABOTAB the Gnoll Transmuter began the quest for the
                  | Orb.
     0 | D:1      | Reached XP level 1. HP: 17/17 MP: 6/6
   215 | D:1      | Reached XP level 2. HP: 23/23 MP: 5/7
   267 | D:1      | Learned a level 2 spell: Wereblood
   506 | D:1      | Reached skill level 5 in Spellcasting
   506 | D:1      | Reached XP level 3. HP: 28/28 MP: 6/9
  1045 | D:2      | Reached skill level 1 in Invocations
  1310 | D:2      | Reached skill level 1 in Short Blades
  1310 | D:2      | Reached skill level 1 in Long Blades
  1310 | D:2      | Reached skill level 1 in Axes
  1310 | D:2      | Reached skill level 1 in Maces & Flails
  1310 | D:2      | Reached skill level 1 in Polearms
  1310 | D:2      | Reached skill level 1 in Staves
  1310 | D:2      | Reached skill level 1 in Ranged Weapons
  1310 | D:2      | Reached skill level 1 in Throwing
  1310 | D:2      | Reached skill level 1 in Armour
  1310 | D:2      | Reached skill level 1 in Stealth
  1310 | D:2      | Reached skill level 1 in Shields
  1310 | D:2      | Reached skill level 1 in Evocations
  1439 | D:2      | Reached XP level 4. HP: 34/34 MP: 9/11
  1443 | D:2      | Learned a level 3 spell: Spider Form
  1448 | D:2      | Learned a level 4 spell: Ice Form
  1620 | D:3      | Found Waut's Antique Armour Boutique.
  1796 | D:3      | Found Zerghyc's Antique Weapon Shoppe.
  2020 | D:3      | Found Keomooja's Weapon Shoppe.
  2090 | D:3      | Found Jyrhiaz's Magic Scroll Shoppe.
  2094 | D:3      | Bought a scroll of identify for 22 gold pieces
  2094 | D:3      | Bought a scroll of identify for 22 gold pieces
  2094 | D:3      | Bought a scroll of identify for 22 gold pieces
  2094 | D:3      | Bought a scroll of identify for 22 gold pieces
  2103 | D:3      | Bought a scroll of magic mapping for 82 gold pieces
  2126 | D:3      | Found a runed translucent door.
  2127 | D:3      | Noticed Crazy Yiuf
  2136 | D:3      | Killed Crazy Yiuf
  2137 | D:3      | Reached skill level 1 in Conjurations
  2137 | D:3      | Reached skill level 1 in Hexes
  2137 | D:3      | Reached skill level 1 in Summonings
  2137 | D:3      | Reached skill level 1 in Necromancy
  2137 | D:3      | Reached skill level 1 in Translocations
  2137 | D:3      | Reached skill level 1 in Fire Magic
  2137 | D:3      | Reached skill level 1 in Ice Magic
  2137 | D:3      | Reached skill level 1 in Air Magic
  2137 | D:3      | Reached skill level 1 in Earth Magic
  2137 | D:3      | Reached skill level 1 in Poison Magic
  2346 | D:4      | Reached XP level 5. HP: 40/40 MP: 8/12
  2349 | D:4      | Reached skill level 3 in Fighting
  2349 | D:4      | Reached skill level 4 in Transmutations
  2440 | D:4      | Noticed an ogre
  2451 | D:4      | Killed an ogre
  2452 | D:4      | Reached skill level 2 in Invocations
  2452 | D:4      | Reached XP level 6. HP: 26/47 MP: 10/13
  3032 | D:5      | Entered Level 5 of the Dungeon
  3039 | D:5      | Reached skill level 2 in Short Blades
  3039 | D:5      | Reached skill level 2 in Long Blades
  3039 | D:5      | Reached skill level 2 in Axes
  3039 | D:5      | Reached skill level 2 in Maces & Flails
  3039 | D:5      | Reached skill level 2 in Polearms
  3039 | D:5      | Reached skill level 2 in Staves
  3039 | D:5      | Reached skill level 2 in Ranged Weapons
  3039 | D:5      | Reached skill level 2 in Throwing
  3039 | D:5      | Reached skill level 2 in Armour
  3039 | D:5      | Reached skill level 5 in Dodging
  3039 | D:5      | Reached skill level 2 in Stealth
  3039 | D:5      | Reached skill level 2 in Shields
  3039 | D:5      | Reached skill level 2 in Evocations
  3381 | D:5      | Reached skill level 7 in Unarmed Combat
  3381 | D:5      | Reached XP level 7. HP: 52/52 MP: 11/15
  3453 | D:5      | Reached skill level 2 in Conjurations
  3453 | D:5      | Reached skill level 2 in Hexes
  3453 | D:5      | Reached skill level 2 in Summonings
  3453 | D:5      | Reached skill level 2 in Necromancy
  3453 | D:5      | Reached skill level 2 in Translocations
  3453 | D:5      | Reached skill level 2 in Fire Magic
  3453 | D:5      | Reached skill level 2 in Ice Magic
  3453 | D:5      | Reached skill level 2 in Air Magic
  3453 | D:5      | Reached skill level 2 in Earth Magic
  3453 | D:5      | Reached skill level 2 in Poison Magic
  3606 | D:5      | HP: 11/52 [acid (4)]
  4054 | D:5      | Reached skill level 3 in Invocations
  4223 | D:6      | Found a staircase to the Ecumenical Temple.
  4242 | Temple   | Entered the Ecumenical Temple
  4242 | Temple   | Found a transporter.
  4242 | Temple   | Found a transporter.
  4259 | Temple   | Found a transporter.
  4259 | Temple   | Found a transporter.
  4318 | D:6      | Reached skill level 4 in Fighting
  4324 | D:6      | Reached skill level 3 in Short Blades
  4324 | D:6      | Reached skill level 3 in Long Blades
  4324 | D:6      | Reached skill level 3 in Axes
  4324 | D:6      | Reached skill level 3 in Maces & Flails
  4324 | D:6      | Reached skill level 3 in Polearms
  4324 | D:6      | Reached skill level 3 in Staves
  4324 | D:6      | Reached skill level 3 in Ranged Weapons
  4324 | D:6      | Reached skill level 3 in Throwing
  4324 | D:6      | Reached skill level 3 in Armour
  4324 | D:6      | Reached skill level 3 in Stealth
  4324 | D:6      | Reached skill level 3 in Shields
  4324 | D:6      | Reached skill level 3 in Evocations
  4324 | D:6      | Reached XP level 8. HP: 60/60 MP: 12/16
  4372 | D:6      | Noticed Edmund
  4376 | D:6      | Identified a scroll of acquirement
  4380 | D:6      | Acquired the ring of Ekegun {rElec rPois rCorr Int-4 Dex+6}
  4504 | D:6      | Noticed Menkaure
  4522 | D:6      | Killed Menkaure
  4523 | D:6      | Reached skill level 6 in Spellcasting
  5417 | D:6      | Killed Edmund
  5418 | D:6      | Reached skill level 3 in Conjurations
  5418 | D:6      | Reached skill level 3 in Hexes
  5418 | D:6      | Reached skill level 3 in Summonings
  5418 | D:6      | Reached skill level 3 in Necromancy
  5418 | D:6      | Reached skill level 3 in Translocations
  5418 | D:6      | Reached skill level 3 in Fire Magic
  5418 | D:6      | Reached skill level 3 in Ice Magic
  5418 | D:6      | Reached skill level 3 in Air Magic
  5418 | D:6      | Reached skill level 3 in Earth Magic
  5418 | D:6      | Reached skill level 3 in Poison Magic
  5418 | D:6      | Reached skill level 4 in Invocations
  5617 | D:7      | Reached skill level 6 in Dodging
  5625 | D:7      | Reached skill level 5 in Transmutations
  5751 | D:7      | Reached XP level 9. HP: 67/67 MP: 9/18
  5753 | D:7      | Reached skill level 4 in Short Blades
  5753 | D:7      | Reached skill level 4 in Long Blades
  5753 | D:7      | Reached skill level 4 in Axes
  5753 | D:7      | Reached skill level 4 in Maces & Flails
  5753 | D:7      | Reached skill level 4 in Polearms
  5753 | D:7      | Reached skill level 4 in Staves
  5753 | D:7      | Reached skill level 4 in Ranged Weapons
  5753 | D:7      | Reached skill level 4 in Throwing
  5753 | D:7      | Reached skill level 4 in Armour
  5753 | D:7      | Reached skill level 4 in Stealth
  5753 | D:7      | Reached skill level 4 in Shields
  5753 | D:7      | Reached skill level 4 in Evocations
  5941 | D:7      | Identified the amulet "Caerup" {Reflect Harm *Corrode rN++
                  | Will+ SH+5}
  6051 | D:7      | Reached skill level 5 in Fighting
  6867 | D:8      | Noticed a two-headed ogre
  6910 | D:8      | HP: 20/81 [steam dragon/ball of steam (16)]
  6913 | D:8      | Reached skill level 8 in Unarmed Combat
  7216 | D:8      | Reached skill level 5 in Invocations
  8047 | D:8      | Killed a two-headed ogre
  8048 | D:8      | Reached skill level 5 in Short Blades
  8048 | D:8      | Reached skill level 5 in Long Blades
  8048 | D:8      | Reached skill level 5 in Axes
  8048 | D:8      | Reached skill level 5 in Maces & Flails
  8048 | D:8      | Reached skill level 5 in Polearms
  8048 | D:8      | Reached skill level 5 in Staves
  8048 | D:8      | Reached skill level 5 in Ranged Weapons
  8048 | D:8      | Reached skill level 5 in Throwing
  8048 | D:8      | Reached skill level 5 in Armour
  8048 | D:8      | Reached skill level 5 in Stealth
  8048 | D:8      | Reached skill level 5 in Shields
  8048 | D:8      | Reached skill level 7 in Spellcasting
  8048 | D:8      | Reached skill level 4 in Conjurations
  8048 | D:8      | Reached skill level 4 in Hexes
  8048 | D:8      | Reached skill level 4 in Summonings
  8048 | D:8      | Reached skill level 4 in Necromancy
  8048 | D:8      | Reached skill level 4 in Translocations
  8048 | D:8      | Reached skill level 4 in Fire Magic
  8048 | D:8      | Reached skill level 4 in Ice Magic
  8048 | D:8      | Reached skill level 4 in Air Magic
  8048 | D:8      | Reached skill level 4 in Earth Magic
  8048 | D:8      | Reached skill level 4 in Poison Magic
  8048 | D:8      | Reached skill level 5 in Evocations
  8048 | D:8      | Reached XP level 10. HP: 57/76 MP: 15/20
  8314 | D:9      | Reached skill level 7 in Dodging
  8349 | D:9      | Found a staircase to the Lair.
  8461 | D:9      | Reached skill level 6 in Fighting
  8626 | D:9      | Reached skill level 6 in Transmutations
  8626 | D:9      | Reached skill level 6 in Invocations
  8669 | D:9      | Noticed a kobold demonologist
  8678 | D:9      | Noticed a kobold demonologist
  8685 | D:9      | Killed a kobold demonologist
  8694 | D:9      | Killed a kobold demonologist
  9130 | D:9      | Noticed a cyan ugly thing
  9139 | D:9      | HP: 16/75 [acid dragon (10)]
  9154 | D:9      | Killed a cyan ugly thing
  9155 | D:9      | Reached skill level 6 in Short Blades
  9155 | D:9      | Reached skill level 6 in Long Blades
  9155 | D:9      | Reached skill level 6 in Axes
  9155 | D:9      | Reached skill level 6 in Maces & Flails
  9155 | D:9      | Reached skill level 6 in Polearms
  9155 | D:9      | Reached skill level 6 in Staves
  9155 | D:9      | Reached skill level 6 in Ranged Weapons
  9155 | D:9      | Reached skill level 6 in Throwing
  9155 | D:9      | Reached skill level 6 in Armour
  9155 | D:9      | Reached skill level 6 in Stealth
  9155 | D:9      | Reached skill level 6 in Shields
  9155 | D:9      | Reached skill level 9 in Unarmed Combat
  9155 | D:9      | Reached skill level 6 in Evocations
  9443 | D:9      | Reached skill level 5 in Conjurations
  9443 | D:9      | Reached skill level 5 in Hexes
  9443 | D:9      | Reached skill level 5 in Summonings
  9443 | D:9      | Reached skill level 5 in Necromancy
  9443 | D:9      | Reached skill level 5 in Translocations
  9443 | D:9      | Reached skill level 5 in Fire Magic
  9443 | D:9      | Reached skill level 5 in Ice Magic
  9443 | D:9      | Reached skill level 5 in Air Magic
  9443 | D:9      | Reached skill level 5 in Earth Magic
  9443 | D:9      | Reached skill level 5 in Poison Magic
  9444 | D:9      | Reached XP level 11. HP: 42/83 MP: 18/22
  9635 | D:9      | Found a radiant altar of Vehumet.
  9638 | D:9      | Found a shimmering blue altar of Sif Muna.
  9642 | D:9      | Became a worshipper of Sif Muna the Loreminder
  9646 | D:9      | Found a hazy altar of Hepliaklqana.
  9828 | D:9      | Reached skill level 8 in Spellcasting
  9914 | D:10     | Entered Level 10 of the Dungeon
 10368 | D:10     | Reached skill level 7 in Invocations
 10375 | D:10     | Reached skill level 7 in Fighting
 10375 | D:10     | Reached skill level 8 in Dodging
 10392 | D:10     | HP: 25/100 [gnoll/+3 spear[a gnoll sergeant] (3)]
 10593 | D:10     | Reached * piety under Sif Muna
 11049 | Lair:1   | Entered Level 1 of the Lair of Beasts
 11574 | Lair:1   | HP: 24/100 [basilisk (6)]
 11576 | Lair:1   | HP: 9/100 [polar bear (8)]
 11577 | Lair:1   | HP: 2/100 [polar bear (3)]
 11577 | Lair:1   | Mangled by a polar bear

Illustrated notes

Levels and vault maps discovered:
D:1:      dpeg_arrival_round_c, layout_basic, minmay_quantized
D:2:      layout_basic
D:3:      layout_rooms, serial_shops, nicolae_shop_stone,
          nicolae_lakefront_shop, nicolae_diamond_shop, shop,
          minmay_misc_feat_nine_boxes, uniq_crazy_yiuf_cottage
D:4:      layout_basic, chequers_serial_rivers_large_b
D:5:      layout_cave_pools, minmay_misc_feat_ornament
D:6:      layout_basic, minmay_temple_entry_tees, uniq_menkaure, uniq_edmund
D:7:      layout_basic, enter_ossuary_1, grunt_decor_clamped
D:8:      layout_loops_corners, hangedman_decor_peaks_small
D:9:      layout_stronghold, grunt_temple_overflow_diamond,
          due_lair_maze_entry_diamond
D:10:     layout_small_grid
Temple:   hellmonk_temple_divided_pantheon
Lair:1:   layout_regular_city

Skill      XL: |  1  2  3  4  5  6  7  8  9 10 11 |
---------------+----------------------------------+-----
Spellcasting   | 5 6 7 8 |  8.4
Invocations    | 1 2 3 4 5 6 7 |  7.3
Short Blades   | 1 2 3 5 6 |  6.6
Long Blades    | 1 2 3 5 6 |  6.6
Axes           | 1 2 3 5 6 |  6.6
Maces & Flails | 1 2 3 5 6 |  6.6
Polearms       | 1 2 3 5 6 |  6.6
Staves         | 1 2 3 5 6 |  6.6
Ranged Weapons | 1 2 3 5 6 |  6.6
Throwing       | 1 2 3 5 6 |  6.6
Armour         | 1 2 3 5 6 |  6.6
Stealth        | 1 2 3 5 6 |  6.6
Shields        | 1 2 3 5 6 |  6.6
Evocations     | 1 2 3 5 6 |  6.6
Conjurations   | 1 2 3 4 5 |  5.5
Hexes          | 1 2 3 4 5 |  5.5
Summonings     | 1 2 3 4 5 |  5.5
Necromancy     | 1 2 3 4 5 |  5.5
Translocations | 1 2 3 4 5 |  5.5
Fire Magic     | 1 2 3 4 5 |  5.5
Ice Magic      | 1 2 3 4 5 |  5.5
Air Magic      | 1 2 3 4 5 |  5.5
Earth Magic    | 1 2 3 4 5 |  5.5
Poison Magic   | 1 2 3 4 5 |  5.5
Fighting       | 3 4 5 6 7 |  7.2
Transmutations | 4 5 6 |  6.8
Dodging        | 5 6 7 8 |  8.1
Unarmed Combat | 7 8 9 |  9.4

Action                   |  1- 3 |  4- 6 |  7- 9 | 10-12 || total
-------------------------+-------+-------+-------+-------++-------
Melee: Unarmed           |    74 |    76 |   226 |   320 ||   696
       Headbutt          |    16 |     8 |       |       ||    24
       Kick              |    14 |     6 |       |       ||    20
       Bite              |     5 |     3 |       |     2 ||    10
       Punch             |     2 |     1 |       |       ||     3
Throw: Stone             |    21 |     8 |       |       ||    29
 Cast: Beastly Appendage |    27 |    16 |       |       ||    43
       Wereblood         |     2 |    10 |    12 |    13 ||    37
       Spider Form       |       |     5 |    24 |    16 ||    45
       Ice Form          |       |       |     8 |    14 ||    22
 Abil: End Transformatio |    24 |    14 |    26 |    27 ||    91
Evoke: Wand              |       |       |     2 |     5 ||     7
  Use: Scroll            |       |     9 |     6 |     5 ||    20
       Potion            |       |       |       |     3 ||     3
 Stab: Sleeping          |       |     2 |     4 |     4 ||    10
Armor: Robe              |    21 |    17 |       |     8 ||    46
       Skin              |       |     2 |    32 |   103 ||   137
Dodge: Dodged            |    29 |    59 |   178 |   339 ||   605

Table legend: (Time is in decaauts)
 A = Elapsed time spent in this place.
 B = Non-inter-level travel time spent in this place.
 C = Inter-level travel time spent in this place.
 D = Time resting spent in this place.
 E = Time spent auto-exploring this place.
 F = Levels seen in this place.
 G = Mean time per level.
                   A        B        C        D        E       F      G
               +--------+--------+--------+--------+--------+-----+--------+
         Total |  11527 |  11107 |    420 |    867 |   8322 |  12 |  960.6 |
       Dungeon |  10948 |  10537 |    411 |    767 |   7971 |  10 | 1094.8 |
        Temple |     57 |     48 |      9 |      0 |     14 |   1 |   57.0 |
          Lair |    521 |    521 |      0 |    100 |    337 |   1 |  521.0 |
               +--------+--------+--------+--------+--------+-----+--------+

Top non-repeatable levels by time:
     D:9: 1614 daAuts
     D:7: 1386 daAuts
     D:8: 1360 daAuts
     D:6: 1272 daAuts
    D:10: 1099 daAuts
     D:5: 1058 daAuts
     D:1: 988 daAuts
     D:4: 894 daAuts
     D:3: 649 daAuts
     D:2: 623 daAuts
  Lair:1: 521 daAuts
  Temple: 57 daAuts

Table legend:
 A = Kills in this place as a percentage of kills in entire the game.
 B = Kills by you in this place as a percentage of kills by you in the entire game.
 C = Kills by friends in this place as a percentage of kills by friends in the entire game.
 D = Other kills in this place as a percentage of other kills in the entire game.
 E = Experience gained in this place as a percentage of experience gained in the entire game.
 F = Experience gained in this place divided by the number of levels of this place that you have seen.
                   A       B       C       D       E      F
               +-------+-------+-------+-------+-------+----------------------
         Total | 100.0 | 100.0 |   N/A |   N/A | 100.0 | 1184.7
       Dungeon |  96.7 |  96.7 |   N/A |   N/A |  89.7 | 1274.9
          Lair |   3.3 |   3.3 |   N/A |   N/A |  10.3 | 1467.0
               +-------+-------+-------+-------+-------+----------------------
